 Dungeon Crawl Stone Soup version 0.12.3 (webtiles) character file.

341 Jannitor the Vexing (level 5, -7/35 HPs)
             Began as a Demonspawn Enchanter on Mar 31, 2018.
             Killed from afar by a hobgoblin (10 damage)
             ... with a wand of flame
             ... on Level 4 of the Dungeon.
             The game lasted 00:07:22 (2991 turns).

Jannitor the Vexing (Demonspawn Enchanter)          Turns: 2991, Time: 00:07:23

HP  -7/35        AC  3     Str  8 (10) XL: 5   Next: 15%
MP   8/8         EV 12     Int 16      God:
Gold 185         SH  0     Dex 13      Spells:  2 memorised,  3 levels left

Res.Fire  : . . .   See Invis. : .   k - +3,+1 elf short sword (venom)
Res.Cold  : . . .   Warding    : +   b - +1 robe
Life Prot.: + . .   Conserve   : .   (no shield)
Res.Poison: .       Res.Corr.  : .   (helmet restricted)
Res.Elec. : .       Clarity    : .   (no cloak)
Sust.Abil.: . .     Spirit.Shd : .   (no gloves)
Res.Mut.  : .       Stasis     : .   (no boots)
Res.Rott. : .       Ctrl.Telep.: .   g - amulet of warding {unknown}
Saprovore : . . .   Flight     : .   l - ring of invisibility
                                     r - ring of regeneration

@: slightly resistant to hostile enchantments, fairly stealthy
A: horns 1
a: Evoke Invisibility


You were on level 4 of the Dungeon.
You were not hungry.

You visited 1 branch of the dungeon, and saw 4 of its levels.

You collected 165 gold pieces.

Inventory:

Hand weapons
 a - a +1,+1 dagger {=f}
 k - a +3,+1 elven short sword of venom (weapon)
Missiles
 d - 43 darts
 w - 12 darts of frost (quivered)
Armour
 b - a +1 robe (worn)
 v - a +0 elven buckler
Comestibles
 f - 4 bread rations
 j - a snozzcumber
 n - a chunk of orc flesh
 q - a meat ration
 s - a sausage
 A - 2 apples
Scrolls
 e - 2 scrolls of teleportation {unknown}
 h - 3 scrolls of identify {unknown}
 i - a scroll of enchant armour {unknown}
 m - a scroll of blinking {unknown}
 p - a scroll of magic mapping {unknown}
 t - a scroll of random uselessness {unknown}
 x - a scroll of enchant weapon I {unknown}
 y - a scroll of noise {unknown}
Jewellery
 g - an amulet of warding (around neck) {unknown}
 l - a ring of invisibility (right hand)
 r - a ring of regeneration (left hand)
Potions
 o - 3 potions of heal wounds
 u - a potion of magic
Books
 c - a book of Maledictions

   Spells                             Type                      Level
   *Corona                            Hexes                        1
   Sure Blade                         Hexes/Charms                 2
   *Ensorcelled Hibernation           Hexes/Ice                    2
   Confuse                            Hexes                        3
   Enslavement                        Hexes                        4
   Invisibility                       Hexes                        6


   Skills:
 + Level 2.2 Short Blades
 - Level 0.8 Throwing
 - Level 1.7 Dodging
 + Level 3.0 Stealth
 + Level 2.0 Stabbing
 - Level 1.0 Spellcasting
 + Level 3.7 Hexes
 + Level 1.2 Ice Magic


You had 3 spell levels left.
You knew the following spells:

 Your Spells              Type           Power        Failure   Level  Hunger
a - Corona                Hex            ###.....     6%          1    ##.....
b - Ensorcelled Hibernat  Hex/Ice        ##.....      14%         2    ###....


Dungeon Overview and Level Annotations

Branches:
Dungeon (4/27)
 Temple: D:4-7

Altars:
Fedhas
Vehumet

Shops:
D:4: =

Annotations
D:3 glosham's ghost, average DEPr


Innate Abilities, Weirdness & Mutations

You have a pair of small horns on your head.


Message History

No target in view!
A hobgoblin comes into view.
A hobgoblin is nearby!
Found a radiant altar of Vehumet.
Found 22 darts.
The hobgoblin shouts!
The hobgoblin zaps a wand.
The puff of flame hits you!
The hobgoblin zaps a wand.
The puff of flame hits you!
The hobgoblin zaps a wand.
The puff of flame hits you!
One of your 2 scrolls labeled WIOSUSS THRESCH catches fire!
You hit the hobgoblin.
The hobgoblin is almost dead.
The hobgoblin zaps a wand.
The puff of flame hits you!
* * * LOW HITPOINT WARNING * * *
You are too injured to fight recklessly!
You barely miss the hobgoblin.
You headbutt the hobgoblin, but do no damage.
The hobgoblin is almost dead.
The hobgoblin zaps a wand.
The puff of flame hits you!
You die...

# . .. .... ..
..... #.
...... #.
.#..... ###.
.......
##.#.#._.#...
#.....g.(.....
#...@.#......
##............
#......##.....
##.##.#.......
###
###.....<....
##.##
###.........#
#...#
##.##.#.......
##.##
#......#..#..
##.######
##....##.....


You could see a hobgoblin.

Vanquished Creatures
  An orc priest (D:4)
  A worker ant (D:3)
  3 adders
  2 worms
  2 giant geckos (D:2)
  An ooze (D:2)
  2 orcs (D:4)
  8 bats
  5 goblins
  7 hobgoblins
  6 jackals (D:1)
  9 kobolds
  A quokka (D:2)
  A ball python (D:2)
  6 giant cockroaches
  2 giant newts
  6 rats
63 creatures vanquished.

Vanquished Creatures (others)
  A rat (D:1)
1 creature vanquished.

Grand Total: 64 creatures vanquished

Notes
Turn   | Place    | Note
--------------------------------------------------------------
     0 | D:1      | Jannitor, the Demonspawn Enchanter, began the quest for the Orb.
     0 | D:1      | Reached XP level 1. HP: 13/13 MP: 3/3
    17 | D:1      | Reached skill level 1 in Short Blades
   109 | D:1      | Reached skill level 1 in Stabbing
   298 | D:1      | Gained mutation: You have a pair of small horns on your head. [demonic ancestry]
   298 | D:1      | Reached XP level 2. HP: 19/19 MP: 4/4
   541 | D:1      | Learned a level 2 spell: Ensorcelled Hibernation
  1270 | D:2      | Reached XP level 3. HP: 13/24 MP: 5/5
  2173 | D:3      | Found a blossoming altar of Fedhas.
  2181 | D:3      | Reached skill level 1 in Ice Magic
  2268 | D:3      | Reached XP level 4. HP: 25/30 MP: 7/7
  2476 | D:3      | Noticed glosham's ghost (average DEPr)
  2769 | D:4      | Found Plauju's Jewellery Boutique.
  2793 | D:4      | Reached XP level 5. HP: 35/35 MP: 2/8
  2984 | D:4      | Found a radiant altar of Vehumet.
  2991 | D:4      | Killed from afar by a hobgoblin

Action                   |  1- 3 |  4- 6 || total
-------------------------+-------+-------++-------
Melee: Dagger            |    13 |       ||    13
       Short sword       |    94 |    52 ||   146
Throw: Dart              |    20 |    11 ||    31
 Cast: Ensorcelled Hiber |     2 |     3 ||     5
  Use: Potion            |       |     4 ||     4
 Stab: Sleeping          |     9 |     5 ||    14
